 Dungeon Crawl Stone Soup version 0.19.0-2-gae57169 (webtiles) character file.

2524 Naow the Chopper (level 9, -14/71 HPs)
             Began as a Formicid Fighter on Nov 6, 2016.
             Was a Priest of Okawaru.
             Demolished by a large slime creature (32 damage)
             ... on level 8 of the Dungeon.
             The game lasted 00:11:35 (7519 turns).

Naow the Chopper (Formicid Fighter)                 Turns: 7519, Time: 00:11:35

Health: -14/71     AC: 17    Str: 21    XL:     9   Next: 84%
Magic:  11/11      EV:  9    Int: 11    God:    Okawaru [***...]
Gold:   304        SH:  0    Dex: 10    Spells: 0 memorised, 8 levels left

rFire  + . .     SeeInvis +     a - +0 war axe
rCold  . . .     Gourm    .     p - +0 plate armour
rNeg   . . .     Faith    +     c - +0 shield
rPois  .         Spirit   .     (helmet unavailable)
rElec  .         Reflect  .     (no cloak)
rCorr  .         Harm     .     r - +0 pair of gloves
MR     +....                    (no boots)
Stlth  ..........               y - amulet of faith (curse)
                                z - ring of protection from fire
                                h - ring of loudness (curse)

@: confused, heroism
A: permanent stasis, dig shafts and tunnels, four strong arms, antennae 3, magic
resistance 1
a: Dig, Shaft Self, Heroism, Renounce Religion


You were on level 8 of the Dungeon.
You worshipped Okawaru.
Okawaru was most pleased with you.
You were hungry.

You visited 2 branches of the dungeon, and saw 9 of its levels.

You collected 304 gold pieces.

Inventory:

Hand Weapons
 a - a +0 war axe (weapon)
Armour
 b - a +0 scale mail
 c - a +0 shield (worn)
 p - a +0 plate armour (worn)
 r - a +0 pair of gloves (worn)
Jewellery
 h - a cursed ring of loudness (left hand)
 i - an uncursed ring of flight
 n - an uncursed ring of protection from magic
 y - a cursed amulet of faith (around neck)
 z - a ring of protection from fire (right hand)
 F - a +5 ring of evasion {unknown}
 G - an uncursed ring of magical power {unknown}
Wands
 o - a wand of digging (9/24)
 C - a wand of flame (20/48)
 H - a wand of flame (10/48)
 L - a wand of iceblast (10/15)
 N - a wand of enslavement (11/24)
Scrolls
 d - 6 scrolls of remove curse {unknown}
 g - a scroll of immolation {unknown}
 j - 6 scrolls of identify
 q - a scroll of teleportation {unknown}
 s - 4 scrolls of blinking {unknown}
 t - a scroll of fog {unknown}
 u - 3 scrolls of enchant weapon {unknown}
 w - 2 scrolls of fear {unknown}
 A - a scroll of noise {unknown}
 J - a scroll of enchant armour {unknown}
 K - a scroll of amnesia {unknown}
Potions
 e - 3 potions of haste
 m - a potion of berserk rage
 v - a potion of brilliance
 x - a potion of might
 E - a potion of magic {unknown}
 M - a potion of flight {unknown}
Comestibles
 f - 8 bread rations
 k - 3 fruits
 l - 2 slices of pizza
 B - a meat ration
 I - 5 chunks of flesh


   Skills:
 + Level 6.8(11.8) Fighting
 * Level 7.8(12.8) Axes
 + Level 7.1(12.1) Armour
 + Level 7.2(12.2) Shields
 + Level 3.9 Invocations


You had 8 spell levels left.
You didn't know any spells.

Dungeon Overview and Level Annotations

Branches:
Dungeon (8/15)             Temple (1/1) D:5
   Lair: D:8-11

Altars:
Ashenzari
Cheibriados
Dithmenos
Elyvilon
Fedhas
Gozag
Hepliaklqana
Kikubaaqudgha
Nemelex Xobeh
Okawaru
Ru
Sif Muna
Trog
Uskayaw
Vehumet
Xom
Yredelemnul
Zin
The Shining One


Innate Abilities, Weirdness & Mutations

You are under a permanent stasis effect.
You can dig through walls and to a lower floor.
Your four strong arms can wield two-handed weapons with a shield.
You have a pair of large antennae on your head. (SInv)
You are resistant to hostile enchantments. (MR+)


Message History

The slime creature is severely wounded.
You hit the large slime creature. The slime creature barely misses you.
The large slime creature hits you!!
You slash the slime creature!
The slime creature is almost dead.
You barely miss the large slime creature.
You block the slime creature's attack.
The large slime creature hits you but does no damage.
You hit the slime creature.
The slime creature is almost dead.
You hit the large slime creature. The slime creature hits you!
* * * LOW HITPOINT WARNING * * *
You block the large slime creature's attack.
You are too injured to fight recklessly!
You are too injured to fight recklessly!
It was a potion of ambrosia.
You are confused.
You feel invigorated. The slime creature misses you.
The large slime creature hits you!!
You die...

#. # +######.. #<#
# ......... K#. .#
......[...{ .. ..
#..........#{#.#.#
#..........#{K..
#..........##J##.#
#..........'@J...+
#..........##..#.#
#..........# #.#
#..........# ...
#......### ..#
#...##.# ..#
#)).##.# .#
#().##.. >#
#...#####


You could see a large slime creature, a slime creature and 2 kobolds.

Vanquished Creatures
  Psyche (D:8)
  A spriggan (D:8)
  Sigmund (D:3)
  Edmund (D:6)
  Menkaure (D:6)
  An ice beast (D:5)
  A black bear (D:7)
  An ogre (D:7)
  A crocodile (D:7)
  2 big kobolds
  Blork the orc (D:6)
  A bullfrog (D:7)
  A scorpion (D:6)
  2 howler monkeys
  A crimson imp (D:4)
  3 centaur skeletons
  2 orc priests (D:5)
  2 jellies (D:6)
  5 orc wizards (D:5)
  Jessica (D:3)
  Ijyb (D:3)
  An iguana (D:5)
  Terence (D:3)
  4 worker ants
  A hound zombie (D:5)
  A hound skeleton (D:4)
  Robin (D:2)
  5 gnolls
  15 adders
  An adder zombie (D:5)
  An ooze (D:1)
  An adder skeleton (D:4)
  3 worms
  2 dart slugs
  2 leopard geckos
  22 orcs
  2 ball pythons (D:1)
  10 bats
  9 giant cockroaches
  11 goblins
  9 hobgoblins
  8 jackals
  14 kobolds
  A quokka (D:8)
  4 frilled lizards
  A leopard gecko zombie (D:6)
  12 rats
173 creatures vanquished.

Notes
Turn   | Place    | Note
-------+----------+-------------------------------------------
     0 | D:1      | Naow the Formicid Fighter began the quest for the Orb.
     0 | D:1      | Reached XP level 1. HP: 18/18 MP: 1/1
   103 | D:1      | Reached XP level 2. HP: 18/24 MP: 2/2
   320 | D:1      | Reached XP level 3. HP: 29/29 MP: 3/3
   372 | D:1      | Found a shattered altar of Ashenzari.
  1208 | D:2      | Reached XP level 4. HP: 33/35 MP: 4/4
  1762 | D:2      | Noticed Robin
  1804 | D:2      | Killed Robin
  1804 | D:2      | Reached XP level 5. HP: 30/42 MP: 5/5
  2241 | D:3      | Noticed Sigmund
  2246 | D:3      | Killed Sigmund
  2246 | D:3      | Reached XP level 6. HP: 36/49 MP: 6/6
  2286 | D:3      | Noticed Terence
  2302 | D:3      | Killed Terence
  2665 | D:3      | Noticed Jessica
  2695 | D:3      | Killed Jessica
  2695 | D:3      | Reached XP level 7. HP: 30/55 MP: 7/7
  2750 | D:3      | Noticed Ijyb
  2776 | D:3      | Killed Ijyb
  2776 | D:3      | Reached skill level 5 in Shields
  3276 | D:3      | Reached skill level 5 in Armour
  3608 | D:3      | Reached skill level 5 in Axes
  4031 | D:4      | Reached skill level 5 in Fighting
  4275 | D:4      | Found a radiant altar of Vehumet.
  4383 | D:5      | Entered Level 5 of the Dungeon
  4383 | D:5      | Found a staircase to the Ecumenical Temple.
  4398 | Temple   | Entered the Ecumenical Temple
  4516 | Temple   | Became a worshipper of Warmaster Okawaru
  4676 | D:5      | Reached XP level 8. HP: 55/62 MP: 8/8
  5072 | D:5      | Reached skill level 1 in Invocations
  5084 | D:5      | Reached * piety under Okawaru
  5421 | D:6      | Gained mutation: You are resistant to hostile enchantments. (MR+) [potion of beneficial mutation]
  5565 | D:6      | Noticed Blork the orc
  5582 | D:6      | Killed Blork the orc
  5621 | D:6      | Noticed Edmund
  5637 | D:6      | Killed Edmund
  5974 | D:6      | Noticed Menkaure
  5979 | D:6      | Killed Menkaure
  5979 | D:6      | Reached ** piety under Okawaru
  5979 | D:6      | Reached XP level 9. HP: 57/69 MP: 7/10
  6822 | D:7      | Found an opulent altar of Gozag.
  6825 | D:7      | Found a shimmering altar of Xom.
  6828 | D:7      | Found a shadowy altar of Dithmenos.
  7456 | D:8      | Noticed Psyche
  7489 | D:8      | Killed Psyche
  7489 | D:8      | Reached *** piety under Okawaru
  7501 | D:8      | Noticed a slime creature
  7504 | D:8      | Noticed a slime creature
  7505 | D:8      | Noticed a slime creature
  7519 | D:8      | Demolished by a large slime creature

Skill      XL: |  1  2  3  4  5  6  7  8  9 |
---------------+----------------------------+-----
Axes           | 3 4 5 6 7 |  7.8
Shields        | 4 5 6 7 |  7.2
Armour         | 4 5 6 7 |  7.1
Fighting       | 4 5 6 |  6.8
Invocations    | 2 3 |  3.9

Action                   |  1- 3 |  4- 6 |  7- 9 || total
-------------------------+-------+-------+-------++-------
Melee: War axe           |    95 |   190 |   466 ||   751
Invok: Heroism           |       |       |     5 ||     5
  Use: Potion            |     1 |       |     2 ||     3
       Scroll            |       |       |     3 ||     3
  Eat: Chunk             |     1 |     5 |    16 ||    22
Armor: Scale mail        |    46 |    29 |       ||    75
       Plate armour      |       |    49 |   226 ||   275
Dodge: Dodged            |    44 |    42 |    76 ||   162
Block: Shield            |    58 |   101 |   231 ||   390
